 Dungeon Crawl Stone Soup version 0.28.0-53-g5a82cb258f (webtiles) character file.

Game seed: 946459474050282900

83332 Ashen the Ogre Mage (level 15, 0/228 HPs)
             Began as an Ogre Ice Elementalist on June 18, 2022.
             Was a High Priest of Vehumet.
             Engulfed by Bai Suzhen's thunder (13 damage)
             ... on level 3 of the Swamp on June 19, 2022.
             The game lasted 02:11:32 (33954 turns).

Ashen the Ogre Mage (Ogre Ice Elementalist)        Turns: 33954, Time: 02:11:32

Health: 0/228      AC:  9    Str: 16    XL:     15   Next: 76%
Magic:  17/30      EV: 12    Int: 31    God:    Vehumet [*****.]
Gold:   1549       SH:  0    Dex:  9    Spells: 4/36 levels left

rFire   . . .      SeeInvis .   G - +3 giant spiked club
rCold   . . .      Faith    .   (shield currently unavailable)
rNeg    . . .      Spirit   .   I - +4 troll leather armour
rPois   .          Reflect  .   (helmet restricted)
rElec   .          Harm     .   (no cloak)
rCorr   .          Rampage  .   (gloves unavailable)
Will    +++..      Rage     50% (boots unavailable)
Stlth   ..........              h - necklace of Bloodlust {*Rage Will++ Int-3 Slay+6}
HPRegen 1.28/turn               M - +6 ring of intelligence
MPRegen 0.22/turn               D - +6 ring of intelligence

@: berserking (expiring), slow
A: large, unfitting armour, tough skin 1
a: Renounce Religion


You were on level 3 of the Swamp.
You worshipped Vehumet.
Vehumet was extremely pleased with you.
You visited 5 branches of the dungeon, and saw 24 of its levels.

You collected 2143 gold pieces.
You spent 594 gold pieces at shops.

Inventory:

Hand Weapons
 u - a +2 dagger of venom
 G - a +3 giant spiked club (weapon)
Missiles
 n - 47 poisoned darts
Armour
 a - a +0 kite shield of reflection
 y - +0 steam dragon scales
 B - +0 acid dragon scales
 I - a +4 troll leather armour (worn)
 N - a +2 robe of the Archmagi
 P - the +0 robe "Otramy" {Will+ Regen+}
   (You bought it in a shop on level 2 of the Orcish Mines)

   Regen:     It increases your rate of health regeneration.
   Will:      It increases your willpower.
 S - +0 swamp dragon scales
Magical Staves
 o - a staff of cold
Jewellery
 d - a ring of ice
 g - a ring of wizardry
 h - the necklace of Bloodlust (around neck) {*Rage Will++ Int-3 Slay+6}
   (You found it on level 11 of the Dungeon)

   [amulet of nothing]

   It extends the wearer's berserk rage when killing foes.
   Int:       It affects your intelligence (-3).
   Slay:      It affects your accuracy & damage with ranged weapons and melee
   (+6).
   *Rage:     It berserks you when you make melee attacks (+50% chance).
   Will:      It greatly increases your willpower.
 p - a +4 ring of evasion
 w - a ring of wizardry
 z - a ring of poison resistance
 A - a +4 ring of evasion
 D - a +6 ring of intelligence (right hand)
 L - a ring of willpower
 M - a +6 ring of intelligence (left hand)
Wands
 f - a wand of paralysis (18)
 i - a wand of iceblast (24)
 r - a wand of flame (28)
 s - a wand of acid (16)
 E - a wand of charming (23)
 J - a wand of polymorph (8)
 K - a wand of mindburst (6)
Scrolls
 k - 2 scrolls of teleportation
 m - 4 scrolls of fog
 q - 6 scrolls of identify
 t - 5 scrolls of immolation
 x - 4 scrolls of amnesia
 H - 2 scrolls of vulnerability
 Q - a scroll of magic mapping
 T - a scroll of fear
Potions
 b - 2 potions of mutation
 c - 14 potions of curing
 e - 3 potions of brilliance
 j - 4 potions of flight
 l - 7 potions of haste
 v - 2 potions of cancellation
 C - a potion of berserk rage
 F - 2 potions of attraction
 R - a potion of ambrosia


   Skills:
 + Level 10.6 Fighting
 + Level 10.3 Maces & Flails
 + Level 10.3 Dodging
 + Level 5.5 Stealth
 * Level 11.4 Spellcasting
 + Level 10.3 Conjurations
 - Level 10.0 Ice Magic
 - Level 10.0 Air Magic


You had 4 spell levels left.
You knew the following spells:

 Your Spells              Type           Power      Damage    Failure   Level
a - Freeze                Ice            100%       1d11      1%          1
b - Frozen Ramparts       Ice            100%       1d12      1%          3
c - Ozocubu's Armour      Ice            68%        N/A       1%          3
d - Hailstorm             Conj/Ice       69%        3d14      1%          4
e - Poisonous Vapours     Pois/Air       96%        N/A       1%          2
f - Sticky Flame          Conj/Fire      49%        2d7       1%          4
g - Airstrike             Air            34%        N/A       1%          4
h - Iron Shot             Conj/Erth      24%        9d5       17%         6
i - Freezing Cloud        Conj/Ice/Air   34%        6-21      1%          5

Your spell library contained the following spells:

 Spells                   Type           Power      Damage    Failure   Level
 Orb of Destruction       Conj           34%        9d10      11%         7
 Sandblast                Erth           34%        2d9       1%          1
 Corpse Rot               Necr/Air       96%        N/A       1%          2
 Ensorcelled Hibernation  Hex/Ice        96%        N/A       1%          2
 Scorch                   Fire           34%        2d7       1%          2
 Stone Arrow              Conj/Erth      98%        3d13      1%          3
 Flame Wave               Conj/Fire      49%        2d10      1%          4
 Summon Small Mammal      Summ           68%        N/A       3%          1
 Summon Lightning Spire   Summ/Air       48%        N/A       4%          4
 Passwall                 Tmut/Erth      14%        N/A       5%          2
 Call Canine Familiar     Summ           17%        N/A       11%         3
 Gell's Gravitas          Tloc           17%        N/A       11%         3
 Lesser Beckoning         Tloc           17%        N/A       11%         3
 Portal Projectile        Hex/Tloc       34%        N/A       11%         3
 Spider Form              Tmut/Pois      17%        N/A       11%         3
 Summon Guardian Golem    Hex/Summ       17%        N/A       11%         3
 Teleport Other           Tloc           17%        N/A       11%         3
 Anguish                  Hex/Necr       8%         N/A       34%         4
 Leda's Liquefaction      Hex/Erth       8%         N/A       34%         4
 Lightning Bolt           Conj/Air       34%        1d52      1%          5
 Ozocubu's Refrigeration  Ice            34%        4d11      13%         7
 Blade Hands              Tmut           8%         N/A       67%         5
 Excruciating Wounds      Necr           8%         N/A       67%         5
 Summon Cactus Giant      Summ           8%         N/A       99%         6


Dungeon Overview and Level Annotations

Branches:
Dungeon (12/15)            Temple (1/1) D:4            Lair (6/6) D:8
  Swamp (3/4) Lair:4        Snake (0/4) Lair:4        Slime (0/5) Lair:6
    Orc (2/2) D:11            Elf (0/3) Orc:2

Altars:
Ashenzari
Cheibriados
Dithmenos
Elyvilon
Fedhas
Gozag
Hepliaklqana
Kikubaaqudgha
Makhleb
Nemelex Xobeh
Okawaru
Qazlal
Ru
Sif Muna
Trog
Uskayaw
Vehumet
Wu Jian
Xom
Yredelemnul
Zin
The Shining One
Beogh

Shops:
Orc:2 :****

Annotations:
Lair:6 1 runed translucent door, exclusions: door and ice dragon
Swamp:1 3 runed translucent doors, Cavudoga's ghost, journeyman GnIE; Suryr's ghost, adept GnWz; esper6's ghost, journeyman GnNe
Swamp:3 Bai Suzhen


Innate Abilities, Weirdness & Mutations

You are too large for most types of armour.
You have tough skin. (AC +1)


Message History

The bunyip is engulfed in freezing vapours.
The bunyip claws you!
* * * LOW HITPOINT WARNING * * *
The bunyip barely misses you. x2
The bog body is engulfed in freezing vapours.
Bai Suzhen breathes water at you. The torrent of water misses you.
The wave splashes down.
You sock Bai Suzhen!
Bai Suzhen is heavily wounded.
You are standing in a thunderstorm.
Bai Suzhen bites you.
* * * LOW HITPOINT WARNING * * *
Bai Suzhen claws you!
* * * LOW HITPOINT WARNING * * *
Bai Suzhen tramples you but does no damage.
You puncture Bai Suzhen!
Bai Suzhen is heavily wounded.
You are standing in a thunderstorm.
The bog body is engulfed in freezing vapours.
You impale Bai Suzhen!!
Bai Suzhen is severely wounded.
Bai Suzhen breathes water at you. The torrent of water hits you!
* * * LOW HITPOINT WARNING * * *
The wave splashes down.
The bog body is engulfed in freezing vapours.
You skewer Bai Suzhen like a kebab!!!
Bai Suzhen is almost dead.
You are standing in a thunderstorm.
You are struck by lightning!
* * * LOW HITPOINT WARNING * * *
The bunyip howls a warning cry!
Bai Suzhen bites you but does no damage.
Bai Suzhen claws you.
* * * LOW HITPOINT WARNING * * *
Bai Suzhen tramples you!
* * * LOW HITPOINT WARNING * * *
You hold your ground!
You sock Bai Suzhen!
Bai Suzhen is almost dead.
You are standing in a thunderstorm.
You are struck by lightning!
You die... ♣ ♣.♣≈ ♣♣♣ ..≈≈♣ ♣♣@♣≈..... ♣xDn♣

♣♣○°§§..≈.
♣§§§☼§..≈
○§§§§§≈.≈
...
..§♣♣♣.≈.
≈. .≈.♣♣
≈.♣ ..
≈..♣ ≈≈
♣.## ≈.≈≈.
♣♣..♣


You could see Bai Suzhen (clouds, catching breath), a bunyip (catching breath)
and a bog body.

Vanquished Creatures
  Gastronok (Lair:3)
  Donald (Orc:2)
  An orc warlord (D:11)
  Louise (Swamp:1)
  2 eleionomae
  A bunyip (Swamp:2)
  An ettin (Orc:1)
  A fire dragon (Lair:6)
  Josephine (Swamp:1)
  Fannar (Lair:3)
  A shambling mangrove (Swamp:2)
  8 hydras
  2 ogre magi (Orc:2)
  Erica (D:9)
  11 two-headed ogres
  8 alligators
  Nergalle (Lair:1)
  A goliath frog (Swamp:2)
  A death drake (Swamp:3)
  A spriggan druid (Swamp:2)
  2 deep trolls
  5 bog bodies
  2 swamp dragons
  2 lindwurms (Lair:6)
  4 orc knights (Orc:1)
  An ugly thing (D:12)
  An orc sorcerer (Orc:2)
  4 cyclopes
  A black mamba (Lair:1)
  3 elephants
  The ghost of Garym the Chopper, a novice MiBe of Trog (D:5)
  5 centaur zombies
  7 torpor snails
  8 cane toads
  A gargoyle (D:11)
  9 komodo dragons
  A kobold demonologist (D:12)
  6 rime drakes
  12 trolls
  11 tyrant leeches
  A polar bear (Lair:5)
  Prince Ribbit (D:9)
  17 hornets
  A meliai zombie (D:10)
  15 blink frogs
  18 dream sheep
  3 wyverns
  16 yaks
  5 spriggans
  2 basilisks
  A steam dragon (Lair:6)
  3 vampire mosquitoes (D:10)
  4 wraiths (Swamp:1)
  12 swamp worms
  5 acid dragons
  3 nagas (Lair:4)
  4 wargs
  13 water moccasins
  A sky beast (D:7)
  24 orc warriors
  2 swamp drakes (Lair:6)
  3 ice beasts
  3 black bears
  A necrophage (D:7)
  6 centaurs
  24 ogres
  7 wolves
  2 phantoms
  A kobold brigand (D:11)
  Blork the orc (D:6)
  13 bullfrogs
  A wyvern zombie (D:8)
  6 scorpions
  A wyvern skeleton (D:4)
  3 killer bees (D:10)
  7 wights
  A howler monkey (D:8)
  3 bullfrog zombies
  3 hounds
  2 jellies
  2 gnoll shamans
  18 orc priests
  A centaur skeleton (D:5)
  A bullfrog skeleton (D:6)
  10 iguanas
  22 orc wizards
  A hound zombie (D:5)
  16 gnolls
  10 adders
  An ufetubus (D:5)
  3 worms
  A dart slug (D:5)
  81 orcs
  3 endoplasms
  3 giant cockroaches
  11 goblins
  11 hobgoblins
  2 jackals (D:5)
  39 kobolds
  3 quokkas
  4 ball pythons
  5 bats
  12 frilled lizards
  A quokka skeleton (D:2)
  5 rats
  A plant (Lair:6)
638 creatures vanquished.

Vanquished Creatures (others)
  A rime drake (Lair:3)
  A blink frog (Lair:3)
  A kobold (D:4)
  20 fungi
  138 plants
  6 withered plants
167 creatures vanquished.

Grand Total: 805 creatures vanquished

Notes
Turn   | Place    | Note
-------+----------+-------------------------------------------
     0 | D:1      | Ashen the Ogre Ice Elementalist began the quest for the
                  | Orb.
     0 | D:1      | Reached XP level 1. HP: 16/16 MP: 3/3
   206 | D:1      | Reached XP level 2. HP: 20/26 MP: 0/5
   348 | D:1      | Reached skill level 1 in Fighting
   796 | D:1      | Reached XP level 3. HP: 33/33 MP: 4/7
   800 | D:1      | Learned a level 3 spell: Frozen Ramparts
   804 | D:1      | Learned a level 3 spell: Ozocubu's Armour
  1492 | D:2      | Found a faded altar of an unknown god.
  1618 | D:2      | Reached skill level 3 in Spellcasting
  1618 | D:2      | Reached XP level 4. HP: 17/42 MP: 4/8
  3020 | D:4      | Reached skill level 1 in Maces & Flails
  3020 | D:4      | Reached XP level 5. HP: 34/49 MP: 3/9
  3722 | D:4      | Noticed a kobold brigand
  4129 | D:4      | Found a staircase to the Ecumenical Temple.
  4139 | Temple   | Entered the Ecumenical Temple
  4276 | Temple   | Became a worshipper of Vehumet
  4506 | D:4      | Noticed a phantom
  4538 | D:5      | Entered Level 5 of the Dungeon
  4553 | D:5      | Reached XP level 6. HP: 46/59 MP: 5/11
  4558 | D:5      | Learned a level 4 spell: Hailstorm
  5056 | D:5      | Reached skill level 4 in Spellcasting
  5056 | D:5      | Reached XP level 7. HP: 56/67 MP: 6/13
  5223 | D:4      | Found a shimmering altar of Xom.
  5227 | D:4      | Found a broken altar of Ashenzari.
  5272 | D:4      | Reached skill level 1 in Conjurations
  5552 | D:4      | Reached * piety under Vehumet
  5552 | D:4      | Offered knowledge of Sandblast by Vehumet.
  5751 | D:4      | Found a glowing silver altar of Zin.
  6333 | D:4      | Found a hazy altar of Hepliaklqana.
  6333 | D:4      | Found a shadowy altar of Dithmenos.
  6335 | D:4      | Noticed a shadow
  7064 | D:5      | Found a runed translucent door.
  7064 | D:5      | Noticed Garym's ghost (novice MiBe)
  7551 | D:5      | Reached XP level 8. HP: 69/78 MP: 8/14
  8444 | D:6      | Reached skill level 5 in Ice Magic
  8586 | D:6      | Reached skill level 5 in Fighting
  8586 | D:6      | Reached skill level 5 in Spellcasting
  9185 | D:6      | Reached XP level 9. HP: 75/88 MP: 8/17
  9636 | D:6      | Offered knowledge of Scorch by Vehumet.
  9915 | D:6      | Reached ** piety under Vehumet
 10003 | D:6      | Noticed Blork the orc
 10228 | D:4      | Reached skill level 6 in Spellcasting
 10844 | D:7      | Reached skill level 5 in Dodging
 11480 | D:7      | Reached skill level 5 in Maces & Flails
 11480 | D:7      | Reached skill level 5 in Stealth
 11629 | D:7      | Found a transporter.
 11633 | D:7      | Found a transporter.
 11652 | D:7      | Reached skill level 5 in Conjurations
 12306 | D:8      | Reached XP level 10. HP: 61/96 MP: 2/19
 12600 | D:8      | Found a staircase to the Lair.
 13173 | D:8      | Offered knowledge of Poisonous Vapours by Vehumet.
 13286 | D:8      | Learned a level 2 spell: Poisonous Vapours
 13719 | D:9      | Noticed Erica
 13807 | D:9      | Noticed a two-headed ogre
 13874 | D:9      | Killed a two-headed ogre
 13875 | D:9      | Reached skill level 7 in Spellcasting
 13944 | D:9      | Noticed Prince Ribbit
 13957 | D:9      | Killed Prince Ribbit
 14312 | D:9      | Paralysed by a hornet for 1 turns
 14315 | D:9      | Reached *** piety under Vehumet
 14508 | D:9      | Noticed a cyclops
 14521 | D:9      | Killed a cyclops
 14524 | D:9      | Noticed a two-headed ogre
 14541 | D:9      | Killed a two-headed ogre
 14542 | D:9      | Reached skill level 8 in Spellcasting
 15001 | D:10     | Entered Level 10 of the Dungeon
 15068 | D:10     | Reached XP level 11. HP: 82/107 MP: 23/23
 15295 | D:10     | Found a stormy altar of Qazlal.
 15968 | D:10     | Offered knowledge of Sticky Flame by Vehumet.
 15974 | D:10     | Learned a level 4 spell: Sticky Flame
 16414 | D:11     | Found a staircase to the Orcish Mines.
 16423 | D:11     | Noticed a two-headed ogre
 16455 | D:11     | Killed a two-headed ogre
 16569 | D:11     | Found the necklace of Bloodlust {*Rage Will++ Int-3 Slay+6}
 16681 | D:11     | Reached skill level 9 in Spellcasting
 17631 | D:12     | Noticed a cyclops
 17639 | D:12     | Killed a cyclops
 17669 | D:12     | Noticed a cyan ugly thing
 17802 | D:12     | Reached **** piety under Vehumet
 18001 | D:12     | Killed a cyan ugly thing
 18204 | D:12     | Found a blossoming altar of Fedhas.
 18319 | Orc:1    | Entered Level 1 of the Orcish Mines
 18334 | Orc:1    | Noticed an orc knight
 18363 | Orc:1    | Offered knowledge of Fireball by Vehumet.
 18364 | Orc:1    | Killed an orc knight
 18374 | D:11     | Reached skill level 10 in Spellcasting
 18374 | D:11     | Reached XP level 12. HP: 85/120 MP: 5/26
 18381 | D:11     | Learned a level 4 spell: Airstrike
 18665 | Orc:1    | Noticed an orc warlord
 18684 | D:11     | Killed an orc warlord
 18685 | D:11     | Reached skill level 1 in Air Magic
 18930 | Orc:1    | Reached ***** piety under Vehumet
 18931 | Orc:1    | Offered knowledge of Iron Shot by Vehumet.
 19284 | Orc:2    | Entered Level 2 of the Orcish Mines
 19297 | Orc:2    | Found Qure's Self-Improvement Boutique.
 19409 | Orc:2    | Noticed an ettin
 19422 | Orc:2    | Found a staircase to the Elven Halls.
 19892 | Orc:2    | Found Fappakem's Assorted Antiques.
 19895 | Orc:2    | Noticed a two-headed ogre
 19896 | Orc:2    | Noticed an ogre mage
 20051 | Orc:1    | Reached skill level 11 in Spellcasting
 20197 | Orc:1    | Killed an ettin
 20217 | Orc:2    | Noticed a two-headed ogre
 20255 | Orc:1    | Killed a two-headed ogre
 20349 | Orc:2    | Noticed a two-headed ogre
 20375 | Orc:2    | Killed a two-headed ogre
 20385 | Orc:2    | Killed a two-headed ogre
 20511 | Orc:2    | Reached XP level 13. HP: 114/132 MP: 22/28
 20699 | Orc:2    | Noticed Donald
 20858 | Orc:2    | Paralysed by an ogre mage for 4 turns
 21023 | Orc:1    | Reached skill level 10 in Fighting
 21132 | Orc:2    | Learned a level 6 spell: Iron Shot
 21572 | Lair:1   | Entered Level 1 of the Lair of Beasts
 21701 | D:7      | Identified the +0 hat "Jecreung" {*Slow rN+++ Str+4 Dex-4}
 21741 | D:6      | Killed Blork the orc
 21829 | D:5      | Killed Garym's ghost
 22042 | Lair:1   | Noticed Nergalle
 22058 | Lair:1   | Killed Nergalle
 22908 | Lair:1   | Reached skill level 5 in Air Magic
 23493 | Lair:2   | Found a frozen archway.
 24337 | Lair:3   | Noticed Gastronok
 24610 | Lair:3   | Noticed Fannar
 24774 | Lair:3   | Killed Fannar
 24775 | Lair:3   | Reached XP level 14. HP: 112/143 MP: 5/29
 25184 | Lair:3   | Identified the +4 ring mail of Salvation {*Slow Str+3 Int+6
                  | Stlth+}
 25672 | Lair:4   | Offered knowledge of Freezing Cloud by Vehumet.
 25679 | Lair:4   | Learned a level 5 spell: Freezing Cloud
 25910 | Lair:4   | Found a staircase to the Snake Pit.
 26220 | Lair:4   | Found a staircase to the Swamp.
 27375 | Lair:6   | Entered Level 6 of the Lair of Beasts
 27732 | Lair:6   | Found a staircase to the Slime Pits.
 29035 | Lair:6   | Found a runed translucent door.
 29234 | Lair:6   | Reached skill level 10 in Ice Magic
 29319 | Lair:6   | Reached skill level 10 in Dodging
 29370 | Lair:6   | Reached skill level 10 in Maces & Flails
 29373 | Lair:6   | Reached skill level 10 in Conjurations
 29527 | Lair:3   | Killed Gastronok
 29645 | D:9      | Killed Erica
 29796 | Orc:2    | Killed Donald
 29797 | Orc:2    | Reached XP level 15. HP: 123/149 MP: 25/30
 29932 | Orc:2    | Offered knowledge of Orb of Destruction by Vehumet.
 30010 | Orc:2    | Found Itineg's General Store.
 30016 | Orc:2    | Found Ramieddu's General Store.
 30018 | Orc:2    | Bought a scroll of fog for 52 gold pieces
 30023 | Orc:2    | Bought a scroll of teleportation for 51 gold pieces
 30023 | Orc:2    | Bought a scroll of blinking for 127 gold pieces
 30023 | Orc:2    | Bought a potion of curing for 51 gold pieces
 30026 | Orc:2    | Found Byirchu's General Store.
 30029 | Orc:2    | Bought the +0 robe "Otramy" {Will+ Regen+} for 199 gold
                  | pieces
 30044 | Orc:2    | Bought a scroll of blinking for 90 gold pieces
 30044 | Orc:2    | Bought a scroll of fog for 24 gold pieces
 30365 | Swamp:1  | Entered Level 1 of the Swamp
 30374 | Lair:4   | HP: 6/149 [swamp worm (18)]
 31063 | Swamp:1  | Found a runed translucent gate.
 31063 | Swamp:1  | Found a runed translucent gate.
 31071 | Swamp:1  | Noticed Josephine
 31078 | Swamp:1  | Killed Josephine
 31256 | Swamp:1  | Found a runed translucent gate.
 31302 | Swamp:1  | Noticed esper6's ghost (journeyman GnNe)
 31302 | Swamp:1  | Noticed Suryr's ghost (adept GnWz)
 31302 | Swamp:1  | Noticed Cavudoga's ghost (journeyman GnIE)
 31504 | Swamp:2  | Noticed Louise
 31555 | Swamp:1  | Reached skill level 10 in Air Magic
 32626 | Swamp:1  | Killed Louise
 33935 | Swamp:3  | Noticed Bai Suzhen
 33954 | Swamp:3  | Engulfed by Bai Suzhen's thunder

Illustrated notes

Levels and vault maps discovered:
D:1:      dpeg_arrival_morbid_curiosity, layout_basic
D:2:      layout_basic, hellmonk_ecumenical_altar_crossroads,
          minmay_pentomino_o2
D:3:      layout_rooms, lightli_corner_chamber
D:4:      kennysheep_kobold_camp, layout_loops_ring,
          riverfiend_overflow_shadow_ancestor, mainiacjoe_overflow_alcove_2,
          grunt_temple_overflow_open, minmay_temple_entry_poolview
D:5:      minmay_diamond_boxcup, layout_rooms, gammafunk_ghost_grave,
          minmay_lizard_king
D:6:      layout_basic, serial_glass, glass_columns_b, glass_columns_c,
          uniq_blork_the_orc
D:7:      gammafunk_beogh_shrine, layout_rooms
D:8:      layout_basic, erik_lair_orcish_takeover, columned_hall_lemuel
D:9:      layout_roguey, uniq_erica, uniq_prince_ribbit1
D:10:     layout_stronghold, nicolae_qazlal_style_of_elements
D:11:     layout_loops_corners, orc_0_dummy, grunt_ministairs_1,
          dk_noncrumbling_4, kennysheep_nub
D:12:     layout_stronghold, serial_column_ruins, column_ruins_circle_medium,
          column_ruins_grid_3, column_ruins_columns_corner,
          column_ruins_corridor_straight, fedhas_altar_fruit_tree
Temple:   nicolae_temple_elliptical
Lair:1:   layout_roguey, uniq_nergalle
Lair:2:   layout_gridlike, gauntlet_entry_generic, portal_ice_cave_rime,
          minmay_holes, grunt_megastairs_1
Lair:3:   layout_misc_corridors, lemuel_old_faithful, uniq_gastronok,
          uniq_fannar
Lair:4:   layout_misc_corridors, minmay_swamp_entry_worms,
          guppyfry_snake_entry_island, st_stairs_11
Lair:5:   layout_misc_corridors, grunt_forest_small_clearings,
          minmay_stone_trees_small, cheibrodos_lair_reptile_den,
          grunt_megastairs_3
Lair:6:   guppyfry_lair_end_dragon, layout_regular_city, wormcave, slime_dummy,
          serial_bayou_crossing
Swamp:1:  layout_basic_swamp, gammafunk_ghost_cemetery, serial_swamp_ruin,
          evilmike_swamp_ruin_rubble_1, evilmike_swamp_ruin_house_3,
          swamp_pool1, uniq_josephine
Swamp:2:  layout_basic_swamp, evilmike_swamp_ruin_house_4, uniq_louise
Swamp:3:  layout_falls_marsh, ebering_ghost_funeral_grove,
          evilmike_swamp_ruin_house_2, infiniplex_staircase_pool,
          uniq_bai_suzhen
Orc:1:    cheibrodos_orc_arena, layout_caves
Orc:2:    st_orc_open, layout_diamond_mine, nicolae_shop_self_help, uniq_donald

Skill      XL: |  1  2  3  4  5  6  7  8  9 10 11 12 13 14 15 |
---------------+----------------------------------------------+-----
Fighting       | 1 2 3 4 5 6 8 9 10 | 10.6
Dodging        | 2 3 4 5 6 7 9 10 | 10.3
Spellcasting   | 3 4 5 6 8 10 11 | 11.4
Stealth        | 2 3 5 |  5.5
Ice Magic      | 4 5 6 7 9 10 | 10.0
Maces & Flails | 1 2 3 5 6 7 8 10 | 10.3
Conjurations   | 1 3 5 6 7 8 10 | 10.3
Air Magic      | 3 5 7 10 | 10.0

Action                   |  1- 3 |  4- 6 |  7- 9 | 10-12 | 13-15 || total
-------------------------+-------+-------+-------+-------+-------++-------
Melee: Unarmed           |    22 |       |       |       |       ||    22
       Mace              |    15 |    47 |       |       |       ||    62
       Punch             |     1 |     1 |     2 |     2 |       ||     6
       Flail             |       |    17 |   121 |       |       ||   138
       Dagger            |       |       |    49 |   218 |    95 ||   362
       Great mace        |       |       |     7 |       |       ||     7
       Giant club        |       |       |    70 |    35 |       ||   105
       Giant spiked club |       |       |       |   163 |   279 ||   442
 Cast: Freeze            |    47 |    71 |    89 |    74 |    70 ||   351
       Frozen Ramparts   |     1 |     7 |    12 |    30 |    22 ||    72
       Ozocubu's Armour  |       |     1 |    15 |    19 |    11 ||    46
       Hailstorm         |       |       |     9 |    19 |    20 ||    48
       Poisonous Vapours |       |       |       |    38 |    15 ||    53
       Sticky Flame      |       |       |       |    17 |    14 ||    31
       Airstrike         |       |       |       |       |    91 ||    91
       Iron Shot         |       |       |       |       |    19 ||    19
       Freezing Cloud    |       |       |       |       |   133 ||   133
Evoke: Wand              |       |       |       |     2 |       ||     2
  Use: Scroll            |       |     6 |       |     6 |    27 ||    39
       Potion            |       |       |       |       |     5 ||     5
 Stab: Sleeping          |     2 |     3 |     4 |     4 |       ||    13
       Distracted        |       |       |       |     1 |       ||     1
Armor: Robe              |    23 |    42 |   113 |    26 |    30 ||   234
       Troll leather arm |       |       |       |    79 |   101 ||   180
       Steam dragon scal |       |       |       |       |     2 ||     2
Dodge: Dodged            |    42 |    70 |   192 |   608 |   373 ||  1285
